 Dungeon Crawl Stone Soup version 0.21.0-22-g11d5b5247c (webtiles) character file.

5421 Rrauwl the Destroyer (level 10, -15/61 HPs)
             Began as a Tengu Conjurer on Jan 19, 2018.
             Was an Initiate of Ashenzari.
             Demolished by a basilisk (18 damage)
             ... on level 8 of the Dungeon.
             The game lasted 00:44:28 (8778 turns).

Rrauwl the Destroyer (Tengu Conjurer)               Turns: 8778, Time: 00:44:29

Health: -15/61     AC: 13    Str:  6    XL:     10   Next: 67%
Magic:  26/26      EV: 14    Int: 23    God:    Ashenzari [......]
Gold:   130        SH:  0    Dex:  9    Spells: 5/17 levels left

rFire    . . .     SeeInvis .   a - +0 broad axe (venom)
rCold    + . .     Gourm    .   (no shield)
rNeg     + + .     Faith    .   q - +3 leather armour of the Ecumenical Temple {+Fly rN++ Str-4 Stlth+}
rPois    .         Spirit   .   (helmet restricted)
rElec    +         Reflect  .   m - +0 cloak
rCorr    .         Harm     .   (no gloves)
MR       .....                  (boots unavailable)
Stlth    ++........             k - amulet of regeneration (curse)
HPRegen  0.60/turn              f - +6 ring of protection (curse)
MPRegen  0.20/turn              p - ring "Ypsea" {rElec rC+ MP+9 Int+4 Dex-4} (curse)

@: no status effects
A: beak, claws 1, talons 3, blurry vision 1, clever 1, clumsy 1, able to fly 1
a: Fly, Curse Item, Renounce Religion, Evoke Flight


You were on level 8 of the Dungeon.
You worshipped Ashenzari.
Ashenzari was noncommittal.
You were not hungry.

You visited 2 branches of the dungeon, and saw 9 of its levels.

You collected 340 gold pieces.
You spent 210 gold pieces at shops.

Inventory:

Hand Weapons
 a - a +0 broad axe of venom (weapon)
 c - a +1 whip
Armour
 m - a +0 cloak (worn)
 n - a +1 robe
 q - the +3 leather armour of the Ecumenical Temple (worn) {+Fly rN++ Str-4 Stlth+}
   (You bought it in a shop on level 5 of the Dungeon)

   It affects your strength (-4).
   It greatly protects you from negative energy.
   It lets you fly.
   It makes you more stealthy.
Magical Staves
 d - an uncursed staff of summoning
 v - an uncursed staff of energy
Jewellery
 f - a cursed +6 ring of protection (left claw)
 h - an uncursed amulet of magic regeneration
 k - a cursed amulet of regeneration (around neck)
 l - an uncursed ring of protection from fire
 o - an uncursed amulet of faith
 p - the cursed ring "Ypsea" (right claw) {rElec rC+ MP+9 Int+4 Dex-4}
   (You found it on level 6 of the Dungeon)

   [ring of magical power]

   It affects your intelligence (+4).
   It affects your dexterity (-4).
   It protects you from cold.
   It insulates you from electricity.
   It affects your magic capacity (+9).
   It has a curse placed upon it.
Wands
 u - a wand of paralysis (24)
Scrolls
 i - 3 scrolls of identify
 r - 2 scrolls of teleportation
 t - 3 scrolls of magic mapping
 x - a scroll of fear
Potions
 g - 2 potions of agility
Books
 b - a book of Conjurations

   Spells                             Type                      Level
   a - Magic Dart                     Conjuration                  1
   b - Searing Ray                    Conjuration                  2
   c - Dazzling Spray                 Conjuration/Hexes            3
   d - Fulminant Prism                Conjuration/Hexes            4
   e - Force Lance                    Conjuration/Translocation    4
   f - Iskenderun's Mystic Blast      Conjuration                  4
 s - a Young Poisoner's Handbook

   Spells                             Type                      Level
   a - Sting                          Conjuration/Poison           1
   b - Poisonous Vapours              Poison/Air                   2
   c - Mephitic Cloud                 Conjuration/Poison/Air       3
   d - Olgreb's Toxic Radiance        Poison                       4
   e - Venom Bolt                     Conjuration/Poison           5
 w - a book of Minor Magic

   Spells                             Type                      Level
   a - Magic Dart                     Conjuration                  1
   b - Blink                          Translocation                2
   c - Call Imp                       Summoning                    2
   d - Slow                           Hexes                        2
   e - Conjure Flame                  Conjuration/Fire             3
   f - Mephitic Cloud                 Conjuration/Poison/Air       3
Comestibles
 e - 8 rations


   Skills:
 + Level 6.9 Fighting
 - Level 4.0 Armour
 - Level 8.0 Dodging
 - Level 2.0 Stealth
 - Level 4.1 Spellcasting
 + Level 12.4 Conjurations
 - Level 4.0 Translocations
 + Level 2.3 Poison Magic


You had 5 spell levels left.
You knew the following spells:

 Your Spells              Type           Power        Failure   Level  Hunger
a - Magic Dart            Conj           ####         1%          1    None
b - Force Lance           Conj/Tloc      #####...     5%          4    ####...
c - Blink                 Tloc           N/A          4%          2    #......
d - Venom Bolt            Conj/Pois      #####.....   21%         5    ######.


Dungeon Overview and Level Annotations

Branches:
Dungeon (8/15)             Temple (1/1) D:5
   Lair: D:8-11

Altars:
Ashenzari
Cheibriados
Dithmenos
Fedhas
Gozag
Hepliaklqana
Kikubaaqudgha
Makhleb
Nemelex Xobeh
Okawaru
Qazlal
Ru
Trog
Uskayaw
Xom
Yredelemnul
Zin
The Shining One

Shops:
D:5 [


Innate Abilities, Weirdness & Mutations

You have a beak for a mouth.
You have claws for feet.
You can fly.
You have sharp fingernails.
Scrolls take you a little longer to read.
Your mind is acute. (Int +2)
You are clumsy. (Dex -2)


Message History

You are slowing down.
Really read with blurry vision while enemies are nearby?
The basilisk gazes at you.
Your limbs have turned to stone.
You have turned to stone.
The basilisk gazes at you. You resist with some effort.
The death yak gores you. The basilisk bites you!! The death yak gores you.
The basilisk bites you. The death yak gores you! The basilisk bites you!
The death yak gores you but does no damage.
The basilisk bites you!
* * * LOW HITPOINT WARNING * * *
The basilisk gazes at you. You resist with some effort.
The death yak gores you!!
* * * LOW HITPOINT WARNING * * *
You turn to flesh and can move again.
You begin reading the scroll.
You continue reading the scroll.
The basilisk bites you!!
You die...

.#.# #..###...####...Y)<[...#.#
...# #?....>.......########.#.##
...# #........##.#.# #......÷
...# #.......÷##.#### #.#.#.##
...# #........##....### #.#.#.(.
##.# #.....<..........# #.#(#...
##.#......#......).....###...#...
...#.##.. #.##.Y.......#.........
...########.##.l@......#.........
..........#..'.la......'.........
..#######.#.#.a........#.........
.. #...#..#########......... ##
#.##.###.# ########## #.##.#
#.#########.....##
.....#.#.##...............'.
...###†#.#.#########.....## ...'
#.##.'...# #.....#


You could see a death yak, 2 basilisks and 2 soldier ants.

Vanquished Creatures
  3 two-headed ogres (D:8)
  A hornet (D:8)
  3 hippogriffs
  2 ice beasts (D:8)
  A black bear (D:8)
  4 sky beasts
  A phantom (D:5)
  2 ogres (D:5)
  A centaur (D:6)
  A big kobold (D:8)
  4 bullfrogs
  2 scorpions
  5 wights
  2 howler monkeys
  A crimson imp (D:6)
  2 centaur zombies
  6 hounds
  3 jellies
  An orc priest (D:5)
  2 iguanas
  An orc wizard (D:5)
  Ijyb (D:5)
  7 worker ants
  A killer bee zombie (D:8)
  2 hound skeletons
  8 gnolls
  16 adders
  A shadow imp (D:8)
  2 adder zombies
  2 adder skeletons
  7 worms
  A dart slug (D:1)
  10 leopard geckos
  7 orcs
  8 giant cockroaches
  8 hobgoblins
  10 jackals
  13 kobolds
  3 quokkas
  3 ball pythons (D:1)
  9 bats
  5 frilled lizards
  10 goblins
  A leopard gecko skeleton (D:5)
  8 rats
191 creatures vanquished.

Notes
Turn   | Place    | Note
-------+----------+-------------------------------------------
     0 | D:1      | Rrauwl the Tengu Conjurer began the quest for the Orb.
     0 | D:1      | Reached XP level 1. HP: 10/10 MP: 4/4
   207 | D:1      | Reached XP level 2. HP: 15/15 MP: 6/6
   241 | D:1      | Reached skill level 6 in Conjurations
   440 | D:1      | Reached XP level 3. HP: 12/19 MP: 2/7
   997 | D:2      | Reached skill level 7 in Conjurations
  1070 | D:2      | Reached XP level 4. HP: 24/24 MP: 6/8
  1348 | D:2      | Reached skill level 8 in Conjurations
  1669 | D:2      | Found an opulent altar of Gozag.
  1726 | D:2      | Gained mutation: You can fly. [Tengu growth]
  1726 | D:2      | Reached XP level 5. HP: 28/28 MP: 6/9
  1738 | D:2      | Learned a level 4 spell: Force Lance
  1994 | D:2      | Reached skill level 9 in Conjurations
  2340 | D:3      | Found a sparkling altar of Nemelex Xobeh.
  2454 | D:3      | Reached XP level 6. HP: 32/32 MP: 6/10
  2499 | D:3      | Found a faded altar of an unknown god.
  3136 | D:4      | Reached skill level 10 in Conjurations
  3178 | D:4      | Found a sacrificial altar of Ru.
  3332 | D:4      | Found a glowing golden altar of the Shining One.
  3438 | D:4      | Found a shadowy altar of Dithmenos.
  3509 | D:4      | Found a blossoming altar of Fedhas.
  3554 | D:4      | You fall through a shaft for 3 floors!
  3566 | D:7      | Noticed a sky beast
  3586 | D:7      | Reached XP level 7. HP: 36/36 MP: 4/11
  3610 | D:7      | Noticed a hippogriff
  3624 | D:7      | Reached skill level 11 in Conjurations
  3637 | D:7      | Killed a hippogriff
  4061 | D:7      | Reached skill level 12 in Conjurations
  4151 | D:7      | Reached XP level 8. HP: 21/41 MP: 1/12
  4876 | D:6      | Reached skill level 5 in Dodging
  5009 | D:6      | Got a heavily runed lapis lazuli ring
  5011 | D:6      | Identified the ring "Ypsea" {rElec rC+ MP+9 Int+4 Dex-4} (You found it on level 6 of the Dungeon)
  5235 | D:6      | Noticed a hippogriff
  5241 | D:5      | Entered Level 5 of the Dungeon
  5249 | D:5      | Found Budommau's Antique Armour Shop.
  5279 | D:5      | Bought a bloodstained leather armour for 210 gold pieces
  5289 | D:5      | Identified the +3 leather armour of the Ecumenical Temple {+Fly rN++ Str-4 Stlth+} (You bought it in a shop on level 5 of the Dungeon)
  5371 | D:5      | Reached skill level 1 in Armour
  5413 | D:5      | Reached XP level 9. HP: 45/45 MP: 9/13
  5758 | D:5      | Learned a level 2 spell: Blink
  5814 | D:5      | Noticed Ijyb
  5822 | D:5      | Killed Ijyb
  5906 | D:5      | Found a staircase to the Ecumenical Temple.
  5915 | Temple   | Entered the Ecumenical Temple
  6133 | Temple   | Became a worshipper of Ashenzari the Shackled
  6229 | D:5      | Reached skill level 1 in Translocations
  7314 | D:6      | Reached skill level 1 in Fighting
  7430 | D:8      | Found a shadowy altar of Dithmenos.
  7456 | D:8      | Noticed a two-headed ogre
  7723 | D:8      | Noticed a two-headed ogre
  7738 | D:8      | Killed a two-headed ogre
  7738 | D:8      | Reached skill level 5 in Fighting
  7738 | D:8      | Reached XP level 10. HP: 41/59 MP: 0/14
  7966 | D:8      | Noticed a death yak
  8189 | D:8      | Killed a two-headed ogre
  8351 | D:8      | Gained mutation: Your mind is acute. (Int +2) [potion of mutation]
  8351 | D:8      | Gained mutation: You are clumsy. (Dex -2) [potion of mutation]
  8351 | D:8      | Gained mutation: Scrolls take you a little longer to read. [potion of mutation]
  8351 | D:8      | Gained mutation: You have sharp fingernails. [potion of mutation]
  8376 | D:8      | Learned a level 5 spell: Venom Bolt
  8519 | D:8      | Noticed a two-headed ogre
  8538 | D:8      | Killed a two-headed ogre
  8538 | D:8      | Reached skill level 1 in Poison Magic
  8777 | D:8      | HP: 2/61 [death yak (12)]
  8778 | D:8      | Demolished by a basilisk

Skill      XL: |  1  2  3  4  5  6  7  8  9 10 |
---------------+-------------------------------+-----
Conjurations   | 6 7 8 9 10 12 | 12.4
Dodging        | 3 7 8 |  8.0
Armour         | 2 4 |  4.0
Translocations | 4 |  4.0
Fighting       | 5 6 |  6.9
Spellcasting   | 4 |  4.1
Poison Magic   | 2 |  2.3
Stealth        | |  2.0

Action                   |  1- 3 |  4- 6 |  7- 9 | 10-12 || total
-------------------------+-------+-------+-------+-------++-------
Melee: Whip              |    31 |    20 |    19 |       ||    70
       Kick              |     7 |     5 |    31 |    10 ||    53
       Peck              |     3 |     1 |    16 |     8 ||    28
       Broad axe         |       |       |   155 |    52 ||   207
 Cast: Magic Dart        |    48 |   156 |   244 |    34 ||   482
       Force Lance       |       |       |    15 |     7 ||    22
       Venom Bolt        |       |       |       |     2 ||     2
       Blink             |       |       |       |     2 ||     2
Invok: Curse Item        |       |       |     3 |       ||     3
Evoke: Wand              |       |       |       |     1 ||     1
  Use: Scroll            |     3 |     5 |     5 |       ||    13
       Potion            |     1 |     2 |     5 |     2 ||    10
 Stab: Sleeping          |       |     3 |     3 |       ||     6
       Distracted        |       |       |       |     1 ||     1
  Eat: Chunk             |     1 |    10 |     7 |       ||    18
       Ration            |       |       |     4 |     2 ||     6
Armor: Robe              |    27 |    16 |     9 |       ||    52
       Skin              |       |       |    48 |       ||    48
       Leather armour    |       |       |   103 |    43 ||   146
Dodge: Dodged            |    34 |    39 |   181 |    89 ||   343
